Map: Dead of Night

Players

NamroodTuo

  • Race: Zerg Zerg

AmiGami

  • Race: Terran Terran
  • Spawn Location: 0:00

VOD

Have the link to the VOD?

Description

Time

  • Played on: March 30, 2023, 10:04 a.m.
  • Length: 32:58
Show
View Real Time Build Order
Export as new Build Order

NamroodTuo Zerg 

Build Orders:  

Get SALT Encoding   

  12  0:22  Infested Barracks  
  12  0:32  Overlord  
  12  0:39  Infested SCV  
  13  0:46  Infested SCV  
  14  0:53  Infested SCV  
  15  1:00  Infested SCV  
  15  1:05  Infested SCV  
  17  1:11  Infested SCV  
  18  1:33  Infestation Level 1  
  18  1:44  Infested SCV  
  18  1:49  Infested Refinery  
  19  1:54  Infested Refinery  
  19  1:55  Infested SCV  
  20  2:01  Infested SCV  
  21  2:20  Overlord  
  21  2:26  Infested SCV  
  22  2:41  Infested SCV  
  23  2:56  Infested Bunker  
  27  3:17  Infested SCV  
  27  3:19  Overlord  
  28  3:30  Infested SCV  
  28  3:33  Anaerobic Enhancement  
  33  4:01  Infested Bunker  
  33  4:12  Infested SCV  
  33  4:14  Overlord  
  34  4:56  Infested Bunker  
  34  4:59  Infested Marine x2  
  40  5:00  Infested Marine  
  40  5:02  Infested Barracks Tech Lab  
  40  5:05  Infested SCV  
  40  5:06  Infested SCV  
  40  5:08  Overlord  
  43  5:13  Infested SCV  
  44  5:24  Infested SCV  
  45  5:34  Retinal Augmentation  
  44  5:52  Infested Engineering Bay  
  44  5:57  Infested SCV  
  44  5:58  Infested SCV  
  44  6:13  Infested SCV  
  45  6:34  Infested Bunker  
  49  6:48  Infested Marine  
  49  6:49  Infested Marine x4  
  54  6:50  Infested Marine  
  54  6:56  Overlord x2  
  54  6:57  Overlord  
  55  7:06  Regenerative Plating  
  55  7:16  Overlord  
  55  7:21  Unknown  
  55  7:28  Infestation Level 2  
  55  7:42  Infested Marine  
  55  7:43  Infested Marine x4  
  55  7:45  Infested Marine x2  
  55  7:46  Infested Marine  
  61  8:06  Stukov Infantry Weapons Level 1  
  61  8:10  Plagued Munitions  
  61  8:14  Infested SCV x3  
  61  8:18  Overlord  
  64  8:35  Infested SCV  
  61  8:44  Infested Marine  
  61  8:45  Infested Marine x2  
  64  9:08  Infested Bunker  
  68  9:28  Broodling Gestation  
  68  9:31  Infested Barracks  
  68  9:35  Infested SCV  
  61  9:45  Infested Factory  
  62  10:45  Stukov Infantry Armor Level 1, Infested Bunker  
  66  11:34  Infested Bunker  
  66  11:37  Infested SCV  
  67  11:46  Infested SCV x4, Infested Refinery  
  75  12:11  Infested Bunker  
  75  12:14  Overseer x2  
  75  12:15  Overseer x5  
  70  13:18  Infested Bunker  
  74  13:25  Overlord x4, Stukov Infantry Weapons Level 2  
  74  14:12  Infested Missile Turret  
  74  14:51  Infested Factory Tech Lab  
  74  14:56  Infested Armory  
  74  15:09  Infested Marine  
  75  15:10  Infested Marine x12  
  75  15:11  Infested Marine x7  
  75  15:16  Infested Marine  
  75  15:17  Infested Marine x10  
  75  15:18  Infested Marine x10  
  115  15:43  Infested Marine  
  115  15:44  Infested Marine x10  
  121  15:58  Infested Siege Tank x3  
  121  15:59  Infested Siege Tank x2  
  124  16:05  Automated Mitosis  
  117  16:14  Infested Marine  
  117  16:15  Infested Marine x11  
  117  16:17  Overlord x2  
  117  16:18  Overlord x3  
  122  16:21  Aggressive Incubation  
  115  16:35  Stukov Infantry Armor Level 2  
  117  16:43  Infested Bunker  
  116  16:54  Infested Marine  
  116  16:55  Infested Marine x15  
  120  17:05  Acidic Enzymes  
  111  17:19  Infested Marine x6  
  117  17:20  Infested Marine x4  
  119  17:32  Stukov Vehicle and Ship Weapons Level 1  
  119  17:36  Infested Siege Tank x2  
  119  17:37  Infested Siege Tank x2  
  119  17:39  Overlord x3  
  131  18:04  Infested Marine  
  131  18:05  Infested Marine x17  
  147  18:17  Infested Siege Tank  
  147  18:18  Infested Siege Tank  
  147  18:32  Overlord x2  
  111  19:34  Infestation Level 3  
  111  19:45  Calcified Armor  
  111  20:05  Saturated Cultures  
  111  20:12  Stukov Vehicle and Ship Armor Level 1  
  111  20:45  Stukov Infantry Weapons Level 3  
  111  21:04  Caustic Mucus  
  111  21:26  Infested Missile Turret  
  111  21:37  Infested Marine  
  111  21:38  Infested Marine x17  
  111  21:39  Infested Marine x3  
  132  21:51  Infested Missile Turret  
  132  22:12  Infested Missile Turret  
  132  22:21  Infested Missile Turret  
  132  22:26  Overlord  
  132  22:27  Overlord x2  
  132  22:32  Infested Siege Tank x2  
  132  22:33  Infested Siege Tank x3  
  147  22:52  Stukov Vehicle and Ship Weapons Level 2  
  147  23:29  Infested Marine x8  
  134  23:30  Infested Marine x20  
  134  23:31  Infested Marine x2  
  156  24:25  Stukov Infantry Armor Level 3  
  126  26:23  Stukov Vehicle and Ship Armor Level 2  
  126  27:29  Infested Bunker  
  129  27:39  Infested Bunker  
  133  28:16  Infested Missile Turret  
  130  28:24  Infested Siege Tank x3  
  130  28:25  Infested Siege Tank x2  
  130  28:26  Infested Missile Turret  
  145  28:30  Overseer x5  
  145  28:31  Overseer x3  
  145  28:49  Infested Barracks  
  136  29:22  Infested Barracks  
  130  29:52  Infested Siege Tank x3  
  130  29:53  Infested Siege Tank  
Show
View Real Time Build Order
Export as new Build Order

AmiGami Terran 

Build Orders:  

Get SALT Encoding   

  12  0:14  SCV  
  13  0:28  SCV  
  14  0:38  Supply Depot  
  14  0:41  SCV  
  15  0:59  Refinery  
  15  1:08  SCV  
  16  1:27  SCV  
  17  1:40  SCV  
  17  1:41  Supply Depot  
  18  1:54  SCV  
  19  2:03  Refinery  
  19  2:07  SCV  
  20  2:21  Engineering Bay, SCV  
  21  2:31  Factory  
  21  2:34  SCV  
  22  2:48  SCV  
  23  3:02  SCV  
  24  3:15  SCV  
  25  3:29  SCV  
  26  3:35  Hellion, Supply Depot  
  28  3:42  SCV  
  29  3:53  Devastation Turret  
  29  3:56  SCV  
  29  3:59  Hellbat  
  30  4:01  Perdition Turret  
  30  4:09  SCV  
  33  4:23  SCV, Hellbat  
  36  4:31  Supply Depot  
  36  4:36  SCV  
  36  4:37  Refinery  
  37  4:50  SCV  
  38  5:04  SCV  
  39  5:17  SCV  
  40  5:31  SCV  
  40  5:36  Factory Tech Reactor, Factory  
  41  5:58  SCV  
  42  6:12  SCV  
  43  6:25  SCV  
  44  6:39  SCV  
  43  6:44  Siege Tank  
  46  6:52  SCV  
  47  7:01  Supply Depot  
  47  7:04  Supply Depot  
  47  7:31  Siege Tank x2  
  47  7:34  SCV, Supply Depot  
  47  7:37  Supply Depot  
  47  7:38  Factory Tech Reactor  
  56  7:46  Hi-Sec Auto Tracking  
  56  7:56  Goliath  
  56  8:03  Goliath  
  58  8:28  Goliath  
  60  8:32  Perdition Turret  
  60  8:35  Goliath  
  60  8:36  Perdition Turret  
  62  8:45  Fire-Suppression Systems  
  62  8:58  Perdition Turret  
  62  9:06  Devastation Turret  
  62  9:24  Devastation Turret  
  62  10:04  Devastation Turret  
  62  10:26  Devastation Turret  
  62  10:44  Siege Tank  
  62  10:45  Siege Tank  
  68  10:51  Siege Tank  
  71  11:15  Hellion x2  
  71  11:28  Starport  
  69  12:08  Starport Tech Reactor  
  67  12:47  Devastation Turret  
  67  12:48  Perdition Turret, Devastation Turret  
  67  12:51  Perdition Turret  
  67  12:53  Perdition Turret  
  67  12:55  Perdition Turret  
  67  13:08  Siege Tank  
  60  13:18  Devastation Turret  
  60  13:43  Spinning Dizzy  
  60  13:47  Spinning Dizzy  
  60  13:55  Goliath  
  60  13:56  Goliath  
  64  14:02  Goliath x2  
  64  14:11  Spinning Dizzy  
  64  14:12  Siege Tank  
  64  14:27  Goliath  
  64  14:28  Goliath  
  68  14:34  Goliath x2, Perdition Turret  
  68  14:38  Perdition Turret  
  72  14:44  Perdition Turret  
  72  14:58  Perdition Turret  
  72  15:02  Perdition Turret  
  72  15:35  Hercules  
  72  15:38  Siege Tank  
  78  15:52  Supply Depot  
  78  15:53  Supply Depot  
  78  16:03  KMC Auto-Loaders  
  78  16:14  Armory  
  78  16:22  Siege Tank  
  78  16:25  Supply Depot x2  
  81  16:33  Goliath x2  
  81  16:35  Hercules  
  88  17:08  Perdition Turret  
  88  17:09  Perdition Turret  
  88  17:32  Perdition Turret  
  88  17:33  Structure Armor  
  88  17:35  Goliath x2, Perdition Turret  
  88  17:36  Goliath x2  
  96  17:52  Terran Vehicle and Ship Weapons Level 1  
  96  18:00  Perdition Turret  
  96  18:07  Goliath  
  98  18:11  Armory  
  98  18:23  Devastation Turret  
  98  18:24  Devastation Turret  
  98  18:38  Spinning Dizzy  
  98  18:49  Perdition Turret x2  
  98  18:53  Perdition Turret, Devastation Turret  
  98  18:54  Devastation Turret  
  98  18:59  Spinning Dizzy  
  98  19:03  Perdition Turret  
  98  19:17  Regenerative Bio-Steel  
  98  19:19  Spinning Dizzy  
  98  19:23  Devastation Turret  
  98  19:24  Perdition Turret  
  98  19:26  Devastation Turret  
  96  20:09  Goliath, Perdition Turret  
  122  20:10  Goliath x3  
  100  20:20  Perdition Turret  
  100  20:28  Perdition Turret  
  100  20:32  Upgrade Laser Drill Level 1, Advanced Optics  
  100  20:41  Goliath x2  
  100  20:42  Goliath x2  
  100  20:47  Terran Vehicle And Ship Armor Level 1  
  108  20:57  Perdition Turret  
  108  20:59  Perdition Turret  
  108  21:26  Perdition Turret x2  
  108  21:28  Perdition Turret x2  
  108  21:29  Perdition Turret  
  108  21:35  Perdition Turret  
  108  21:50  Perdition Turret  
  108  22:15  Perdition Turret  
  108  22:31  Perdition Turret, Devastation Turret x2  
  108  22:32  Terran Vehicle and Ship Weapons Level 2, Perdition Turret  
  108  23:01  Supply Depot  
  108  23:02  Devastation Turret x2  
  108  23:21  Thor  
  108  23:22  Supply Depot  
  114  23:52  Thor  
  114  23:53  Thor  
  122  24:13  Thor  
  122  24:15  Thor  
  124  24:42  Supply Depot  
  124  24:55  Ares-Class Targeting System  
  124  25:02  330mm Barrage Cannon  
  124  25:12  Thor  
  124  25:14  Supply Depot  
  124  25:19  Perdition Turret  
  130  25:20  Perdition Turret  
  130  25:44  Thor x2  
  130  25:45  Perdition Turret  
  130  25:47  Perdition Turret  
  130  25:48  Perdition Turret x2  
  142  26:09  Perdition Turret  
  142  26:12  Perdition Turret  
  142  26:13  Perdition Turret  
  142  26:19  Perdition Turret x7  
  142  26:20  Perdition Turret x2  
  142  26:30  Perdition Turret  
  142  26:31  Perdition Turret x2  
  142  26:38  Devastation Turret  
  142  26:39  Perdition Turret  
  142  26:43  Perdition Turret  
  142  26:46  Perdition Turret  
  142  26:47  Perdition Turret  
  142  26:52  Perdition Turret  
  142  26:53  Perdition Turret x3  
  142  27:05  Devastation Turret x2  
  142  27:11  Perdition Turret  
  142  27:12  Perdition Turret x2  
  142  27:13  Perdition Turret x5  
  142  27:14  Perdition Turret  
  142  27:17  Perdition Turret  
  142  27:18  Perdition Turret  
  142  27:19  Perdition Turret  
  142  27:28  Perdition Turret  
  142  27:30  Perdition Turret  
  142  27:31  Devastation Turret  
  142  27:35  Perdition Turret  
  142  27:36  Perdition Turret x2  
  142  27:38  Perdition Turret x2  
  142  27:39  Perdition Turret x3  
  142  27:46  Perdition Turret  
  142  27:47  Perdition Turret  
  142  27:50  Perdition Turret  
  142  28:01  Perdition Turret x3  
  142  28:02  Perdition Turret x3  
  142  28:04  Perdition Turret  
  142  28:06  Perdition Turret  
  142  28:07  Upgrade Laser Drill Level 2, Perdition Turret  
  142  28:09  Perdition Turret x2  
  142  28:17  Perdition Turret  
  142  28:18  Perdition Turret  
  142  28:19  Perdition Turret  
  142  28:20  Perdition Turret x2  
  142  28:29  Perdition Turret x5  
  142  28:30  Perdition Turret x2  
  142  28:31  Perdition Turret x3  
  142  28:34  Thor  
  142  28:40  Perdition Turret x4  
  142  28:41  Perdition Turret  
  142  28:46  Perdition Turret x3  
  142  28:47  Perdition Turret x4  
  142  28:48  Perdition Turret  
  140  28:54  Perdition Turret  
  140  28:55  Perdition Turret  
  140  28:58  Perdition Turret  
  138  29:01  Terran Vehicle And Ship Armor Level 2, Perdition Turret x3, Terran Vehicle and Ship Weapons Level 3  
  138  29:02  Perdition Turret  
  138  29:07  Perdition Turret x3  
  138  29:08  Perdition Turret  
  138  29:10  Perdition Turret  
  138  29:13  Thor  
  142  29:20  Perdition Turret  
  142  29:21  Perdition Turret x3  
  139  29:36  Perdition Turret x5  
  139  29:38  Perdition Turret  
  139  29:40  Perdition Turret  
  139  29:41  Perdition Turret x2  
  139  29:43  Perdition Turret  
  139  29:44  Perdition Turret x3  
  139  29:46  Perdition Turret x2  
  139  29:52  Perdition Turret  
  139  31:13  Thor  
Tags
 
Commander
StukovSwann
Matchup
Co-op
Replay Pack
Multiplayer
Add a new tag
Caveats
  • Supply blocks, unpowered buildings, or Contaminate may cause inaccurate times.
  • Supply counts are checked every 10 seconds.